 Dungeon Crawl Stone Soup version 0.20-a0-681-gf83e07f (webtiles) character file.

8943 kae the Cleaver (level 11, -7/99 HPs)
             Began as a Minotaur Fighter on Feb 18, 2017.
             Was a High Priest of Okawaru.
             Mangled by a ten-headed hydra (12 damage)
             ... on level 10 of the Dungeon.
             The game lasted 00:08:31 (9622 turns).

kae the Cleaver (Minotaur Fighter)                  Turns: 9622, Time: 00:08:31

Health: -7/99      AC: 11    Str: 28    XL:     11   Next: 16%
Magic:  0/15       EV: 12    Int:  7    God:    Okawaru [*****.]
Gold:   507        SH:  6    Dex:  9    Spells: 10/10 levels left

rFire    . . .     SeeInvis +   a - +1 war axe
rCold    + + +     Gourm    .   B - +1 scale mail of Hedging {-Tele rPois rC++ SInv}
rNeg     + . .     Faith    .   F - +1 buckler {rC+}
rPois    +         Spirit   +   (helmet restricted)
rElec    .         Reflect  .   (no cloak)
rCorr    +         Harm     .   (no gloves)
MR       .....     NoTele   +   (no boots)
Stlth    +.........             e - amulet of guardian spirit
Regen    0.3/turn               u - ring of positive energy
MPRegen  0.2/turn               y - ring of resist corrosion

@: mighty, heroism
A: retaliatory headbutt, horns 2
a: Heroism, Finesse, Renounce Religion


You were on level 10 of the Dungeon.
You worshipped Okawaru.
Okawaru was extremely pleased with you.
You were not hungry.

You visited 2 branches of the dungeon, and saw 11 of its levels.

You collected 507 gold pieces.

Inventory:

Hand Weapons
 a - a +1 war axe (weapon)
 K - a +0 broad axe
Armour
 b - a +0 scale mail
 c - a +0 shield
 v - a +2 ring mail of poison resistance
 B - the +1 scale mail of Hedging (worn) {-Tele rPois rC++ SInv}
   (You found it on level 9 of the Dungeon)

   It greatly protects you from cold.
   It protects you from poison.
   It lets you see invisible.
   It prevents most forms of teleportation.
 F - a +1 buckler of cold resistance (worn)
Jewellery
 d - an uncursed ring of positive energy
 e - an amulet of guardian spirit (around neck)
 i - an uncursed ring of protection from magic
 u - a ring of positive energy (right hand)
 y - a ring of resist corrosion (left hand)
Wands
 r - a wand of iceblast (15/15)
 D - a wand of disintegration (16/24)
 E - a wand of polymorph (12/24)
 H - a wand of confusion (22/48)
Scrolls
 n - 4 scrolls of teleportation
 p - 5 scrolls of remove curse
 q - 2 scrolls of enchant weapon
 x - a scroll of magic mapping
 z - 2 scrolls of recharging
 G - a scroll of brand weapon {unknown}
 I - a scroll of blinking {unknown}
 M - a scroll of identify
 N - a scroll of noise {unknown}
Potions
 j - 7 potions of curing
 k - 3 potions of haste
 l - a potion of brilliance {unknown}
 m - a potion of cancellation
 o - 3 potions of degeneration
 s - 3 potions of agility
 t - 3 potions of mutation
Books
 C - a book of Minor Magic

   Spells                             Type                      Level
   a - Magic Dart                     Conjuration                  1
   b - Blink                          Translocation                2
   c - Call Imp                       Summoning                    2
   d - Slow                           Hexes                        2
   e - Conjure Flame                  Conjuration/Fire             3
   f - Mephitic Cloud                 Conjuration/Poison/Air       3
Comestibles
 f - 11 bread rations
 g - 9 fruits
 h - 6 meat rations
 w - 3 royal jellies
 L - 2 chunks of flesh


   Skills:
 + Level 9.9(14.9) Fighting
 * Level 13.0(18.0) Axes
 + Level 10.1(15.1) Armour
 - Level 3.6(8.6) Shields
 + Level 7.7 Invocations


You had 10 spell levels left.
You didn't know any spells.

Dungeon Overview and Level Annotations

Branches:
Dungeon (10/15)            Temple (0/1) D:5            Lair (1/6) D:8
    Orc: D:9-12

Altars:
Okawaru
Xom


Innate Abilities, Weirdness & Mutations

You reflexively headbutt those who attack you in melee.
You have a pair of horns on your head.


Message History

You block the nine-headed hydra's attack.
The nine-headed hydra closely misses you. x2
The nine-headed hydra bites you but does no damage.
The nine-headed hydra bites you.
* * * LOW HITPOINT WARNING * * *
You block the nine-headed hydra's attack.
You hack one of the nine-headed hydra's heads off!
The eight-headed hydra grows two more!
You slash the ten-headed hydra!
The ten-headed hydra is moderately wounded.
The ten-headed hydra misses you. The ten-headed hydra bites you.
* * * LOW HITPOINT WARNING * * *
The ten-headed hydra bites you.
* * * LOW HITPOINT WARNING * * *
The ten-headed hydra bites you.
* * * LOW HITPOINT WARNING * * *
The ten-headed hydra bites you!
* * * LOW HITPOINT WARNING * * *
The ten-headed hydra bites you but does no damage.
The ten-headed hydra bites you!
You die...

#.........##.'))...#### #######
#.........+.D#)....'..#####...#..
#.....<...####....[##.....#.#.#.#
#.........# #.....######.'...#.#
#.........# #.....# #####.#.#
#.........# ####'## #.#.#..
#...).....# #.# #.#.###
###'####### ##D# #...... #. #@.#
####..# ## ##.## ###.## #..#
#..... ###'#### #..... #......#
#..... +......#########.....
#......'......##....>
#......######..#..... #......#
##.......


You could see a ten-headed hydra.

Vanquished Creatures
  4 two-headed ogres
  The ghost of MirrMurr the Conjurer, a novice GrWz of Sif Muna (D:7)
  A komodo dragon (D:8)
  A troll (D:10)
  3 hippogriffs (D:8)
  5 yaks (D:10)
  A soldier ant (D:10)
  An orc warrior (D:6)
  3 ice beasts
  6 sky beasts
  A necrophage (D:10)
  A phantom (D:6)
  2 centaurs
  5 ogres
  A big kobold (D:10)
  A bullfrog (D:5)
  A gnoll sergeant (D:7)
  4 scorpions
  7 wights
  6 killer bees (D:8)
  5 howler monkeys
  5 crimson imps
  A quasit (D:10)
  A hound (D:10)
  3 jellies
  5 orc priests
  5 centaur skeletons
  4 iguanas
  4 worker ants
  Ijyb (D:2)
  9 orc wizards
  2 hound zombies (D:5)
  8 gnolls
  A howler monkey skeleton (D:6)
  12 adders
  A shadow imp (D:8)
  2 adder skeletons
  An adder zombie (D:6)
  7 worms
  4 leopard geckos
  33 orcs
  3 ball pythons
  3 giant cockroaches
  10 goblins
  6 hobgoblins
  5 jackals (D:3)
  A quokka (D:5)
  11 bats
  5 frilled lizards
  A jackal zombie (D:6)
  10 kobolds
  A leopard gecko skeleton (D:9)
  A quokka skeleton (D:9)
  5 rats
  2 plants (D:8)
233 creatures vanquished.

Vanquished Creatures (others)
  A worm (D:3)
  3 plants (D:8)
4 creatures vanquished.

Grand Total: 237 creatures vanquished

Notes
Turn   | Place    | Note
-------+----------+-------------------------------------------
     0 | D:1      | kae the Minotaur Fighter began the quest for the Orb.
     0 | D:1      | Reached XP level 1. HP: 19/19 MP: 0/0
   137 | D:1      | Reached XP level 2. HP: 27/27 MP: 1/1
   148 | D:1      | Reached skill level 3 in Axes
   397 | D:1      | Found an iron altar of Okawaru.
   413 | D:1      | Became a worshipper of Warmaster Okawaru
   705 | D:1      | Reached XP level 3. HP: 33/33 MP: 2/2
  1342 | D:2      | Noticed Ijyb
  1354 | D:2      | Killed Ijyb
  1354 | D:2      | Reached skill level 4 in Axes
  1354 | D:2      | Reached XP level 4. HP: 34/40 MP: 3/3
  1422 | D:2      | Reached skill level 1 in Invocations
  1997 | D:3      | Reached XP level 5. HP: 47/47 MP: 4/4
  2030 | D:3      | Reached * piety under Okawaru
  2030 | D:3      | Reached skill level 5 in Axes
  2030 | D:3      | Reached skill level 5 in Armour
  2256 | D:3      | Noticed an ogre
  2263 | D:3      | Killed an ogre
  2263 | D:3      | Reached skill level 5 in Fighting
  2263 | D:3      | Reached XP level 6. HP: 34/56 MP: 3/6
  2523 | D:3      | Found a shimmering altar of Xom.
  2760 | D:3      | Reached skill level 6 in Axes
  2815 | D:3      | Reached XP level 7. HP: 61/61 MP: 7/7
  3571 | D:5      | Entered Level 5 of the Dungeon
  3815 | D:5      | Reached skill level 7 in Axes
  4002 | D:5      | Found a staircase to the Ecumenical Temple.
  4013 | D:5      | Reached XP level 8. HP: 70/70 MP: 6/9
  4016 | D:5      | Reached ** piety under Okawaru
  4177 | D:5      | Reached skill level 8 in Axes
  5086 | D:6      | Reached skill level 9 in Axes
  5443 | D:6      | Reached *** piety under Okawaru
  5450 | D:6      | Reached XP level 9. HP: 78/79 MP: 8/11
  5800 | D:7      | Reached skill level 5 in Invocations
  5997 | D:7      | Noticed MirrMurr's ghost (novice GrWz)
  6007 | D:7      | Killed MirrMurr's ghost
  6007 | D:7      | Reached skill level 10 in Axes
  6420 | D:8      | Noticed a two-headed ogre
  6429 | D:8      | Killed a two-headed ogre
  6429 | D:8      | Reached **** piety under Okawaru
  6635 | D:8      | Reached skill level 11 in Axes
  6655 | D:8      | Found a staircase to the Lair.
  6656 | D:8      | Noticed a komodo dragon
  6684 | D:8      | Reached XP level 10. HP: 72/89 MP: 11/13
  7991 | Lair:1   | Entered Level 1 of the Lair of Beasts
  7991 | Lair:1   | Noticed a five-headed hydra
  8124 | D:9      | Noticed a two-headed ogre
  8134 | D:9      | Killed a two-headed ogre
  8134 | D:9      | Reached ***** piety under Okawaru
  8303 | D:9      | Reached skill level 12 in Axes
  8376 | D:9      | Got an encrusted scale mail
  8659 | D:9      | Noticed a two-headed ogre
  8670 | D:9      | Killed a two-headed ogre
  8786 | D:10     | Entered Level 10 of the Dungeon
  8798 | D:10     | Identified the +1 scale mail of Hedging {-Tele rPois rC++ SInv} (You found it on level 9 of the Dungeon)
  8826 | D:10     | Received a gift from Okawaru
  8995 | D:10     | Noticed a two-headed ogre
  8999 | D:10     | Killed a two-headed ogre
  9006 | D:10     | Reached XP level 11. HP: 81/99 MP: 12/15
  9220 | D:10     | Noticed a seven-headed hydra
  9479 | D:10     | Reached skill level 10 in Armour
  9483 | D:10     | Reached skill level 13 in Axes
  9622 | D:10     | Mangled by a ten-headed hydra

Vault maps used:
D:1:      moated_graveyard_arrival, okawaru_ov_weapons_minmay
D:2:      serial_co_window_serial, co_window_of_opportunity_a,
          co_window_of_opportunity_a, co_window_corner_a,
          co_window_of_opportunity_a, co_window_paths_a, co_window_paths_a,
          co_window_of_opportunity_a, co_window_of_opportunity_b,
          co_window_corner_b, co_window_broadway_c, co_window_4corner_a,
          co_window_paths_e, glass_columns_a, glass_columns_b, glass_columns_b,
          glass_columns_b, glass_columns_b, first_bread, uniq_iyjb
D:3:      led_xom_imps
D:5:      minmay_temple_entry_trees, serial_curves, eino_curves_01,
          eino_curves_04
D:8:      david_lair_shrubbed
D:9:      kennysheep_generic_room_16
Lair:1:   uniq_erica, uniq_grum

Skill      XL: |  1  2  3  4  5  6  7  8  9 10 11 |
---------------+----------------------------------+-----
Axes           | 3 4 5 6 7 9 11 12 13 | 13.0
Armour         | 4 5 6 7 8 9 10 | 10.1
Fighting       | 4 5 6 7 8 9 |  9.9
Invocations    | 1 2 3 4 6 7 |  7.7
Shields        | |  3.6

Action                   |  1- 3 |  4- 6 |  7- 9 | 10-12 || total
-------------------------+-------+-------+-------+-------++-------
Melee: War axe           |    88 |   153 |   232 |   235 ||   708
       Headbutt          |     7 |    23 |    53 |    48 ||   131
Invok: Heroism           |       |       |     9 |     9 ||    18
  Use: Scroll            |       |     5 |     5 |     4 ||    14
       Potion            |       |       |     1 |     1 ||     2
 Stab: Distracted        |       |       |     1 |       ||     1
  Eat: Chunk             |       |     7 |    12 |     9 ||    28
Armor: Scale mail        |    47 |    53 |    16 |    44 ||   160
       Ring mail         |       |       |    53 |    34 ||    87
Dodge: Dodged            |    30 |    46 |    57 |   103 ||   236
Block: Shield            |    45 |    62 |   104 |    61 ||   272
       Buckler           |       |       |       |    26 ||    26
